 Dungeon Crawl Stone Soup version 0.30.0-19-g36f170ea60 (webtiles) character file.

Game seed: 16027213841574384948

42 Ijustatesigmund the Stinger (level 3, -5/26 HPs)
             Began as an Octopode Venom Mage on June 1, 2023.
             Slain by a gnoll
             ... wielding a +0 club
              (7 damage)
             ... on level 1 of the Dungeon.
             The game lasted 00:02:06 (1320 turns).

Ijustatesigmund the Stinger (Octopode Venom Mage)   Turns: 1320, Time: 00:02:07

Health: -5/26      AC:  1    Str:  7    XL:     3   Next: 56%
Magic:  5/6        EV: 13    Int: 19    God:
Gold:   67         SH:  0    Dex: 12    Spells: 5/6 levels left

rFire   . . .        c - +0 dagger
rCold   . . .        (no shield)
rNeg    . . .        (helmet restricted)
rPois   .            (no amulet)
rElec   .            (no ring)
rCorr   .            (no ring)
SInv    .            (no ring)
Will    .....        (no ring)
Stlth   +++          (no ring)
HPRegen 0.24/turn    (no ring)
MPRegen 0.10/turn    (no ring)
                     (no ring)

%: no passive effects
@: no status effects
A: almost no armour, amphibious, 8 rings, camouflage 1, gelatinous body 1,
(nimble swimmer 1), tentacles
a: no special abilities


You were on level 1 of the Dungeon.
You visited 1 branch of the dungeon, and saw 2 of its levels.

You collected 67 gold pieces.

Inventory:

Hand Weapons
 c - a +0 dagger (weapon)
Scrolls
 d - a scroll of enchant armour {unknown}
 h - a scroll of fear {unknown}
Potions
 a - a potion of magic
 b - a potion of flight {unknown}
 e - a potion of haste {unknown}
 g - 2 potions of heal wounds {unknown}


   Skills:
 + Level 3.1 Fighting
 - Level 2.0 Dodging
 - Level 2.6 Stealth
 - Level 2.0 Spellcasting
 - Level 1.0 Transmutations
 - Level 3.6 Poison Magic


You had 5 spell levels left.
You knew the following spells:

 Your Spells              Type           Power      Damage    Failure   Level
a - Sting                 Tmut/Pois      40%        1d5       7%          1

Your spell library contained the following spells:

 Spells                   Type           Power      Damage    Failure   Level
 Poisonous Vapours        Pois/Air       16%        N/A       12%         2
 Mephitic Cloud           Conj/Pois/Air  6%         N/A       30%         3
 Olgreb's Toxic Radiance  Pois           15%        N/A       36%         4


Dungeon Overview and Level Annotations

Branches:
Dungeon (2/15)

Altars:


Innate Abilities, Weirdness & Mutations

You cannot wear most types of armour.
You are amphibious.
You can wear up to eight rings at the same time.
Your skin changes colour to match your surroundings (Stealth+).
Your rubbery body absorbs attacks. (AC +1, EV +1)
((You are camouflaged when in or above water. (Stealth+)))
You have tentacles for arms and can constrict up to eight enemies at once.


Message History

You start resting.
Magic restored.
You start resting.
HP restored.
You start waiting.
Done waiting.
You climb downwards.
The gnoll barely misses you.
The kobold hits you with a +0 short sword.
The frilled lizard bites you.
The goblin unwields a +0 dagger.
The goblin wields a +0 sling.
The goblin shoots a sling bullet.
The sling bullet barely misses you. The gnoll hits you with a +0 club.
The frilled lizard misses you.
The kobold hits you with a +0 short sword.
The goblin shoots a sling bullet.
The sling bullet hits you!
* * * LOW HITPOINT WARNING * * *
There is a stone staircase leading up, spattered with blood here.
The gnoll misses you.
The frilled lizard bites you but does no damage.
The kobold barely misses you.
The goblin shoots a sling bullet.
The sling bullet closely misses you.
You climb upwards.
There is a stone staircase leading down here.
Unknown command.
The air fills with toxic fumes!
As you read the scroll labelled BYINUE FUPNINOSI, it crumbles to dust.
It was a scroll of poison.
The frilled lizard closely misses you.
The kobold hits you with a +0 short sword.
* * * LOW HITPOINT WARNING * * *
The gnoll completely misses you.
Casting: Sting (safe; 7% risk of failure)
Confirm with . or Enter, or press ? or * to list all spells.
Aiming: Sting (safe; 7% risk of failure)
Press: ? - help, Shift-Dir - straight line, f - frilled lizard
Aim: a frilled lizard (53% to hit)
The sting hits the frilled lizard.
The frilled lizard is poisoned.
You kill the frilled lizard!
The kobold hits you with a +0 short sword.
* * * LOW HITPOINT WARNING * * *
The gnoll hits you with a +0 club!
You die...

######### ### ........# #..
#######.# ######### #.# #.#
#§§.....# ###.# #######.#######
#§#####.# #...# .........§§§..#
#§# #.# #....
.........§§§§§###K#####§#####...#
.........§§§§§§†@§§§§§§§........[
.........§§§§§§#g§§####§.####...#
#........§§§§§.#§§§## #..........
#........§§§§..#§§§§# ####..#...#
#........§§§...#§§#§#######.#....
#........§§....§§§#§§............
#######.########§§§.§§........###
#......# ############..## #
#......# #####8##### #..# #


You could see a gnoll and a kobold.

Vanquished Creatures
  2 gnolls (D:1)
  A dart slug (D:1)
  5 endoplasms (D:1)
  2 hobgoblins (D:1)
  3 ball pythons (D:1)
  4 bats (D:1)
  A frilled lizard (D:1)
  4 kobolds (D:1)
  2 rats (D:1)
24 creatures vanquished.

Notes
Turn   | Place    | Note
-------+----------+-------------------------------------------
     0 | D:1      | Ijustatesigmund the Octopode Venom Mage began the quest for
                  | the Orb.
     0 | D:1      | Reached XP level 1. HP: 11/11 MP: 3/3
    62 | D:1      | Reached skill level 1 in Fighting
   128 | D:1      | Reached XP level 2. HP: 18/18 MP: 3/5
   249 | D:1      | Found a faded altar of an unknown god.
   400 | D:1      | You fall into a shaft and drop 1 floor!
  1173 | D:1      | Reached XP level 3. HP: 15/25 MP: 4/6
  1320 | D:1      | Slain by a gnoll

Illustrated notes

Levels and vault maps discovered:
D:1:      heliophobic_arrival_dark_side_of_the_moon, layout_basic,
          ebering_ecumenical_altar_webs, minmay_misc_feat_secret_circle,
          hangedman_feature_mirror, minmay_hexomino_p4
D:2:      layout_rooms, serial_shops, nicolae_shop_stone,
          uniq_crazy_yiuf_cottage

Skill      XL: |  1  2  3 |
---------------+----------+-----
Fighting       | 1 2 3 |  3.1
Dodging        | |  2.0
Stealth        | |  2.6
Spellcasting   | |  2.0
Transmutations | |  1.0
Poison Magic   | |  3.6

Action                     || total
---------------------------++-------
  Melee: Unarmed           ||     4
         Tentacles         ||     7
         Constrict         ||     4
         Punch             ||     1
         Dagger            ||    22
   Cast: Sting             ||    25
    Use: Scroll            ||     1
   Stab: Sleeping          ||     2
 Armour: Skin              ||     1
  Dodge: Dodged            ||    34
